 Dungeon Crawl Stone Soup version 0.28-a0-1524-ge72afd5fc6 (webtiles) character file.

Game seed: 4988108083860590052

522 fragbeetle the Insei (level 7, 36/57 HPs)
             Began as a Pale Draconian Transmuter on Jan 17, 2022.
             Quit the game on level 4 of the Dungeon.
             The game lasted 00:09:35 (3628 turns).

fragbeetle the Insei (Pale Draconian Transmuter)    Turns: 3628, Time: 00:09:36

Health: 36/57      AC:  7    Str: 13    XL:     7   Next: 2%
Magic:  7/10       EV: 12    Int: 13    God:
Gold:   121        SH:  0    Dex: 13    Spells: 2/10 levels left

rFire   . . .      SeeInvis .     - Unarmed
rCold   . . .      Faith    .   (no shield)
rNeg    . . .      Spirit   .   (armour unavailable)
rPois   .          Reflect  .   (helmet restricted)
rElec   .          Harm     .   b - scarf {repulsion}
rCorr   .          Rampage  .   (no gloves)
Will    .....                   m - +0 pair of boots
Stlth   +.........              (no amulet)
HPRegen 0.19/turn               (no ring)
MPRegen 0.12/turn               (no ring)

@: repel missiles
A: breathe steam, AC +6, unfitting armour, cold-blooded, steam resistance
a: Breathe Steam


You were on level 4 of the Dungeon.
You visited 1 branch of the dungeon, and saw 4 of its levels.
You also visited: Ossuary.

You collected 121 gold pieces.

Inventory:

Hand Weapons
 j - a +0 hunting sling
Missiles
 g - 150 stones
 i - 4 poisoned darts
 v - 3 curare-tipped darts
Armour
 b - a scarf of repulsion (worn)
 m - a +0 pair of boots (worn)
Scrolls
 a - 5 scrolls of identify {unknown}
 c - a scroll of enchant weapon {unknown}
 h - 2 scrolls of vulnerability {unknown}
 n - 2 scrolls of fog {unknown}
 o - 5 scrolls of teleportation {unknown}
 q - a scroll of amnesia {unknown}
 s - a scroll of silence {unknown}
 t - a scroll of magic mapping {unknown}
Potions
 d - 3 potions of magic {unknown}
 e - 3 potions of haste {unknown}
 f - 2 potions of attraction {unknown}
 k - a potion of brilliance {unknown}
 l - 2 potions of resistance {unknown}
 p - 2 potions of curing {unknown}
 r - a potion of heal wounds {unknown}
 u - a potion of lignification {unknown}


   Skills:
 + Level 3.0 Fighting
 + Level 3.0 Dodging
 * Level 4.9 Unarmed Combat
 - Level 2.0 Spellcasting
 * Level 4.2 Transmutations
 + Level 0.1 Ice Magic
 * Level 2.8 Poison Magic


You had 2 spell levels left.
You knew the following spells:

 Your Spells              Type           Power      Damage    Failure   Level
a - Beastly Appendage     Tmut           24%        N/A       4%          1
b - Spider Form           Tmut/Pois      10%        N/A       19%         3
c - Ice Form              Ice/Tmut       6%         N/A       71%         4

Your spell library contained the following spells:

 Spells                   Type           Power      Damage    Failure   Level
 Wereblood                Tmut           12%        N/A       7%          2
 Ensorcelled Hibernation  Hex/Ice        2%         N/A       36%         2
 Anguish                  Hex/Necr       0%         N/A       94%         4


Dungeon Overview and Level Annotations

Branches:
Dungeon (4/15)            Ossuary (visited)
 Temple: D:4-7

Altars:


Innate Abilities, Weirdness & Mutations

You can breathe blasts of scalding, opaque steam.
Your pale cyan-grey scales are hard. (AC +6)
You cannot fit into any form of body armour.
You are cold-blooded and may be slowed by cold attacks.
You are immune to the effects of steam.


Message History

The orc is moderately wounded.
The orc priest calls down the wrath of Beogh upon you.
Beogh smites you! The orc barely misses you.
You hit the orc.
The orc is heavily wounded.
Your transformation is almost over.
The orc barely misses you.
You hit the orc.
You kill the orc!
You hit the orc priest.
The orc priest is poisoned.
The orc priest is heavily wounded.
You barely miss the orc priest.
The orc priest is heavily wounded.
The orc priest barely misses you.
You bite the orc priest!
The orc priest looks as sick as possible!
The orc priest is almost dead.
You kill the orc priest!
Your Fighting skill increases to level 3!
You have reached level 7!
Your scales start taking on a pale cyan-grey colour.
You learn Fire Magic quicker.
You learn Air Magic quicker.
You learn Evocations quicker.
You can breathe blasts of scalding, opaque steam.
You are now immune to the effects of steam.
Things that are here:
a +0 club; a +3 vampiric dagger; 3 boomerangs
Things that are here:
a +0 hand axe; a +0 ring mail
Things that are here:
a +0 hand axe; a +0 ring mail Your transformation has ended.
Your scarf of repulsion unmelds from your body.
Your +0 pair of boots unmelds from your body.
You are surrounded by a repulsion field.
Things that are here:
a +0 club; a +3 vampiric dagger; 3 boomerangs
Okay, then.
Unknown command.
Are you sure you want to abandon this character and quit the game? (Confirm with "yes".)

## #### #. ...# ..
####### . ##.
##≈....## ..
..##..≈≈..b##
...#.#≈.≈≈≈≈.bb#
.....#############
.................#
####.###########@#
#.#..≈≈≈.≈bb#)#
oo##.≈≈≈..b##.#
#.. ##.≈≈≈.###.#
..# ##########.#
.#. #....#.....#
.## ####.#.###.#
#.#.# #.# #...#
#.#


You could see 3 bats.

Vanquished Creatures
  Menkaure (Ossuary)
  A bullfrog (D:4)
  A water moccasin skeleton (D:4)
  A howler monkey (D:4)
  A hound (D:4)
  An orc priest (D:4)
  An iguana (D:4)
  3 mummies (Ossuary)
  2 adders
  A dart slug (D:2)
  4 orcs
  3 ball pythons (D:1)
  3 bats
  3 endoplasms
  3 giant cockroaches
  3 gnoll zombies (Ossuary)
  16 goblins
  8 hobgoblins
  2 jackals (D:4)
  6 kobolds
  2 quokkas
  2 frilled lizards (D:2)
  3 gnoll skeletons (Ossuary)
  8 goblin skeletons (Ossuary)
  3 goblin zombies (Ossuary)
  4 hobgoblin skeletons (Ossuary)
  3 hobgoblin zombies (Ossuary)
  5 kobold skeletons (Ossuary)
  6 kobold zombies (Ossuary)
  4 orc skeletons (Ossuary)
  6 orc zombies (Ossuary)
  A quokka skeleton (D:2)
  6 rats
  A rat skeleton (Ossuary)
  4 rat zombies (Ossuary)
122 creatures vanquished.

Vanquished Creatures (others)
  8 fungi (D:4)
8 creatures vanquished.

Grand Total: 130 creatures vanquished

Notes
Turn   | Place    | Note
-------+----------+-------------------------------------------
     0 | D:1      | fragbeetle the Draconian Transmuter began the quest for the
                  | Orb.
     0 | D:1      | Reached XP level 1. HP: 16/16 MP: 3/3
   146 | D:1      | Reached XP level 2. HP: 23/23 MP: 3/5
  1015 | D:2      | Reached XP level 3. HP: 28/28 MP: 4/6
  1488 | D:3      | Learned a level 3 spell: Spider Form
  1642 | D:3      | Reached XP level 4. HP: 36/36 MP: 7/7
  2025 | D:3      | Found a faded altar of an unknown god.
  2187 | D:4      | Found a sand-covered staircase.
  2235 | D:4      | Reached skill level 1 in Poison Magic
  2235 | D:4      | Reached XP level 5. HP: 37/41 MP: 6/8
  2256 | Ossuary  | Entered an ossuary
  2772 | Ossuary  | Noticed Menkaure
  2810 | Ossuary  | Killed Menkaure
  2811 | Ossuary  | Reached XP level 6. HP: 6/50 MP: 5/9
  3453 | D:4      | Learned a level 4 spell: Ice Form
  3623 | D:4      | Your scales start taking on a pale cyan-grey colour.
  3623 | D:4      | Reached XP level 7. HP: 35/57 MP: 7/10
  3623 | D:4      | Gained mutation: You are immune to the effects of steam.
                  | [Pale Draconian growth]
  3628 | D:4      | Quit the game

Illustrated notes

Levels and vault maps discovered:
D:1:      dpeg_arrival_connections, layout_loops_ring
D:2:      kennysheep_the_goblin_king, layout_rooms, minmay_goblin_kobold_house
D:3:      layout_rooms, shapermc_ecumenical_altar_mp_highgroup,
          hangedman_abyss_or_decor_lesser_grid
D:4:      layout_loops_ring, enter_ossuary_1, serial_aquarium,
          aquarium_bridge_square [aquarium_subvault_window,
          aquarium_subvault_bridge, aquarium_subvault_window,
          aquarium_subvault_bridge], aquarium_bridge_square
          [aquarium_subvault_bridge, aquarium_subvault_bridge,
          aquarium_subvault_bridge, aquarium_subvault_wall], aquarium_window_1,
          aquarium_window_2, aquarium_window_fake, aquarium_window_1,
          aquarium_view_2d, aquarium_pool_2

Skill      XL: |  1  2  3  4  5  6 |
---------------+-------------------+-----
Dodging        | 2 3 |  3.0
Fighting       | 2 3 |  3.0
Transmutations | 3 4 |  4.2
Unarmed Combat | 4 |  4.9
Poison Magic   | 1 2 |  2.8
Spellcasting   | |  2.0
Ice Magic      | |  0.1

Action                   |  1- 3 |  4- 6 |  7- 9 || total
-------------------------+-------+-------+-------++-------
Melee: Unarmed           |   101 |   188 |       ||   289
       Kick              |    26 |    37 |       ||    63
       Headbutt          |    12 |    31 |       ||    43
       Tailslap          |     4 |    23 |       ||    27
       Punch             |     4 |     6 |       ||    10
 Cast: Beastly Appendage |    26 |    32 |       ||    58
       Spider Form       |       |     6 |       ||     6
 Abil: End Transformatio |     1 |     1 |       ||     2
 Stab: Sleeping          |     1 |     1 |       ||     2
Armor: Skin              |    25 |    40 |       ||    65
Dodge: Dodged            |    62 |    64 |       ||   126

Table legend: (Time is in decaauts)
 A = Elapsed time spent in this place.
 B = Non-inter-level travel time spent in this place.
 C = Inter-level travel time spent in this place.
 D = Time resting spent in this place.
 E = Time spent auto-exploring this place.
 F = Levels seen in this place.
 G = Mean time per level.
                   A        B        C        D        E       F      G
               +--------+--------+--------+--------+--------+-----+--------+
         Total |   3608 |   3563 |     45 |    371 |   1994 |   5 |  721.6 |
       Dungeon |   2622 |   2577 |     45 |     42 |   1872 |   4 |  655.5 |
       Ossuary |    986 |    986 |      0 |    329 |    122 |   1 |  986.0 |
               +--------+--------+--------+--------+--------+-----+--------+

Top non-repeatable levels by time:
 Ossuary: 986 daAuts
     D:1: 867 daAuts
     D:3: 701 daAuts
     D:2: 612 daAuts
     D:4: 441 daAuts
